 Dungeon Crawl Stone Soup version 0.29-a0-598-gd8304a5bf4 (webtiles) character file.

Game seed: 834794383214488056

2867 Agrostarius the Cleaver (level 9, -3/69 HPs)
             Began as a Demonspawn Berserker on June 15, 2022.
             Was a Priest of Trog.
             Slain by an unseen horror (6 damage)
             ... on level 7 of the Dungeon on June 16, 2022.
             The game lasted 00:32:52 (6303 turns).

Agrostarius the Cleaver (Demonspawn Berserker)      Turns: 6303, Time: 00:32:52

Health: -3/69      AC: 14    Str: 21    XL:     9   Next: 47%
Magic:  9/9        EV:  9    Int:  9    God:    Trog [***...]
Gold:   365        SH:  0    Dex: 13    Spells: 8/8 levels left

rFire   . . .      SeeInvis .   j - +1 war axe (elec)
rCold   . . .      Faith    .   (no shield)
rNeg    + . .      Spirit   .   t - +0 chain mail
rPois   .          Reflect  .   (no helmet)
rElec   .          Harm     .   O - +0 cloak
rCorr   +          Rampage  .   u - +0 pair of gloves
Will    .....                   (no boots)
Stlth   ..........              (no amulet)
HPRegen 0.21/turn               x - ring of resist corrosion
MPRegen 0.11/turn               Q - ring of positive energy

@: mighty, on berserk cooldown, slowed, very slow
A: thin metallic scales 1, powered by death 2, powered by pain 2, weakness
stinger 1
a: Renounce Religion, Berserk, Trog's Hand


You were on level 7 of the Dungeon.
You worshipped Trog.
Trog was most pleased with you.
You visited 1 branch of the dungeon, and saw 7 of its levels.
You also visited: Ossuary.

You collected 365 gold pieces.

Inventory:

Hand Weapons
 b - a +0 spear
 g - a +2 dire flail of draining
 j - a +1 war axe of electrocution (weapon)
 o - a +0 long sword
 p - a +0 short sword of venom
 B - a +2 dagger of venom
 F - a +0 halberd of freezing
 J - a +4 whip
Missiles
 e - 16 poisoned darts (quivered)
 w - 2 datura-tipped darts
 A - 5 boomerangs
 E - 2 javelins
 G - 49 stones
Armour
 q - a +0 ring mail
 t - a +0 chain mail (worn)
 u - a +0 pair of gloves (worn)
 v - a +0 plate armour
 N - a +0 barding
 O - a +0 cloak (worn)
 P - a +0 plate armour
 R - a +0 scale mail
Magical Staves
 l - a staff of conjuration
Jewellery
 x - a ring of resist corrosion (left hand)
 Q - a ring of positive energy (right hand)
Wands
 a - a wand of charming (7)
 z - a wand of digging (6)
 C - a wand of flame (11)
 D - a wand of quicksilver (6)
 M - a wand of mindburst (14)
Scrolls
 f - 9 scrolls of teleportation
 i - 4 scrolls of identify
 m - 3 scrolls of immolation
 y - 4 scrolls of enchant weapon
 H - 4 scrolls of magic mapping
 L - a scroll of acquirement {unknown}
 S - a scroll of noise
 T - a scroll of vulnerability {unknown}
Potions
 c - a potion of attraction
 d - 2 potions of lignification
 h - 3 potions of heal wounds
 k - 3 potions of might
 n - 3 potions of flight
 r - a potion of brilliance {unknown}
 s - 2 potions of resistance {unknown}
 I - a potion of experience {unknown}
 K - 2 potions of haste


   Skills:
 + Level 6.0 Fighting
 + Level 9.0 Axes
 + Level 0.8 Throwing
 + Level 5.4 Armour
 + Level 4.4 Dodging
 - Level 1.7 Stealth


You had 8 spell levels left.
You didn't know any spells.
Your spell library contained the following spells:

 Spells                   Type           Power      Damage    Failure   Level
 Shock                    Conj/Air       0%         1d3       98%         1
 Dazzling Flash           Conj/Hex       0%         N/A       100%        3
 Gell's Gravitas          Tloc           0%         N/A       100%        3
 Swiftness                Air            0%         N/A       100%        3
 Teleport Other           Tloc           0%         N/A       100%        3
 Airstrike                Air            0%         N/A       100%        4
 Agony                    Necr           0%         N/A       100%        5
 Silence                  Hex/Air        0%         N/A       100%        5
 Dispersal                Tloc           0%         N/A       100%        6


Dungeon Overview and Level Annotations

Branches:
Dungeon (7/15)             Temple (0/1) D:5         Ossuary (visited)

Altars:
Cheibriados
Elyvilon
Gozag
Vehumet
Xom


Innate Abilities, Weirdness & Mutations

You are partially covered in thin metallic scales. (AC +2)
You regenerate health from kills.
You sometimes gain power by taking damage.
You have a small tail.


Message History

Something hits you.
* * * LOW HITPOINT WARNING * * *
Something hits you.
* * * LOW HITPOINT WARNING * * *
You closely miss something. Something hits you.
* * * LOW HITPOINT WARNING * * *
You feel a strong urge to attack something.
Something hits you but does no damage.
You closely miss something.
Your tail-slap misses something.
Something hits you but does no damage. Something hits you but does no damage.
You feel a strong urge to attack something.
You are no longer berserk.
You are exhausted.
You feel yourself slow down.
Something hits you but does no damage. x4
You are too injured to fight recklessly!
You are too injured to fight recklessly!
You are too injured to fight recklessly!
You are too injured to fight recklessly!
You are too injured to fight recklessly!
You are too injured to fight recklessly!
You are too injured to fight recklessly!
You are too injured to fight recklessly!
You are too injured to fight recklessly!
You are too injured to fight recklessly!
You are too injured to fight recklessly!
You are too injured to fight recklessly!
You are too injured to fight recklessly!
You are too injured to fight recklessly!
You are too injured to fight recklessly!
You are too injured to fight recklessly!
You slash something! Something hits you but does no damage.
Something hits you but does no damage. x2; Something hits you.
* * * LOW HITPOINT WARNING * * *
You hit something.
Your tail-slap misses something.
Your punch misses something. Something hits you!
* * * LOW HITPOINT WARNING * * *
Something hits you.
You die...

.# #.# #...#####.# .# #.#
##.....>>.# .# #.# #.######## .##
##.## #.####### ..# #...#
#.......# #.### ###...###
#######.# #)..###.......# #.#
##............###### #.#
#...###.........@..########.#####
.....####....####................
.............. #..####.#†#.#####
...........#.## #..## #.#.#.#
#....#######.. ......#.#.#.#
##....# #.. ........#.#.# ###..#
#.. #..##.##....# ####..# #.
#..##.......# ......# #..
####...##


There were no monsters in sight!

Vanquished Creatures
  Grinder (D:4)
  2 steam dragons (D:7)
  Eustachio (D:6)
  A black bear (D:6)
  2 sky beasts (D:6)
  2 orc warriors (D:7)
  2 ice beasts (D:6)
  2 ogres
  A kobold brigand (D:7)
  A phantom (D:7)
  2 bullfrogs (D:7)
  2 scorpions
  A necrophage (D:5)
  4 killer bees (D:7)
  2 howler monkeys
  3 jellies
  3 centaur zombies (Ossuary)
  3 orc priests
  2 hounds (D:7)
  Terence (D:3)
  Natasha (thrice) (D:3)
  4 orc wizards
  5 mummies (Ossuary)
  4 adders
  A shadow imp (D:5)
  2 white imps
  3 ufetubi
  3 worms
  2 dart slugs
  12 orcs
  10 ball pythons
  7 endoplasms
  4 giant cockroaches
  10 goblins
  9 hobgoblins
  3 quokkas
  6 bats
  A frilled lizard (D:3)
  3 hobgoblin zombies (Ossuary)
  14 kobolds
  12 rats
156 creatures vanquished.

Vanquished Creatures (others)
  26 plants
26 creatures vanquished.

Grand Total: 182 creatures vanquished

Notes
Turn   | Place    | Note
-------+----------+-------------------------------------------
     0 | D:1      | Agrostarius the Demonspawn Berserker began the quest for
                  | the Orb.
     0 | D:1      | Reached XP level 1. HP: 18/18 MP: 1/1
   351 | D:1      | Reached skill level 3 in Axes
   439 | D:1      | Gained mutation: You are partially covered in thin metallic
                  | scales. (AC +2) [demonic ancestry]
   439 | D:1      | Reached XP level 2. HP: 24/24 MP: 2/2
   569 | D:1      | Found a faded altar of an unknown god.
  1040 | D:2      | Reached XP level 3. HP: 26/29 MP: 3/3
  1141 | D:2      | Reached ** piety under Trog
  1939 | D:3      | Found a snail-covered altar of Cheibriados.
  2188 | D:3      | Found a shimmering altar of Xom.
  2213 | D:3      | Noticed Terence
  2213 | D:3      | Noticed a scorpion
  2218 | D:3      | Killed a scorpion
  2219 | D:3      | Gained mutation: You sometimes gain a little power by
                  | taking damage. [demonic ancestry]
  2219 | D:3      | Reached XP level 4. HP: 37/37 MP: 4/4
  2219 | D:3      | Killed Terence
  2220 | D:3      | Gained mutation: You regenerate a little health from kills.
                  | [demonic ancestry]
  2220 | D:3      | Reached XP level 5. HP: 42/42 MP: 5/5
  2242 | D:3      | Noticed Natasha
  2246 | D:3      | Killed Natasha
  2252 | D:3      | Noticed Natasha
  2260 | D:3      | Killed Natasha
  2261 | D:3      | Reached skill level 4 in Axes
  2267 | D:3      | Found an opulent altar of Gozag.
  2337 | D:3      | Noticed Natasha
  2344 | D:3      | Killed Natasha
  2598 | D:4      | Found a sand-covered staircase.
  2633 | D:4      | Noticed Grinder
  2648 | D:4      | HP: 2/42 [Grinder (4)]
  2648 | D:4      | Paralysed by Grinder for 3 turns
  2864 | D:4      | Gained mutation: You have a small tail. [demonic ancestry]
  2864 | D:4      | Reached XP level 6. HP: 48/48 MP: 6/6
  2935 | Ossuary  | Entered an ossuary
  2967 | Ossuary  | Reached *** piety under Trog
  3043 | D:4      | Paralysed by Grinder for 2 turns
  3048 | D:4      | Killed Grinder
  3049 | D:4      | Reached skill level 5 in Axes
  3049 | D:4      | Gained mutation: You sometimes gain power by taking damage.
                  | [demonic ancestry]
  3049 | D:4      | Reached XP level 7. HP: 51/55 MP: 7/7
  3062 | D:5      | Entered Level 5 of the Dungeon
  3203 | D:5      | Reached skill level 6 in Axes
  3358 | D:5      | Found a staircase to the Ecumenical Temple.
  3366 | D:5      | Reached skill level 1 in Stealth
  3457 | D:5      | Found a radiant altar of Vehumet.
  3848 | D:6      | Reached XP level 8. HP: 40/61 MP: 8/8
  4360 | D:6      | Reached skill level 7 in Axes
  4440 | D:6      | Noticed Eustachio
  4460 | D:6      | Killed Eustachio
  4565 | D:6      | Reached skill level 5 in Fighting
  5059 | D:7      | Reached skill level 5 in Armour
  5075 | D:7      | Reached skill level 8 in Axes
  5075 | D:7      | Gained mutation: You regenerate health from kills. [demonic
                  | ancestry]
  5075 | D:7      | Reached XP level 9. HP: 42/68 MP: 9/9
  5993 | D:7      | Reached skill level 9 in Axes
  6302 | D:7      | HP: 2/69 [something (9)]
  6303 | D:7      | Slain by an unseen horror

Illustrated notes

Levels and vault maps discovered:
D:1:      elethiomel_arrival_infinity_welcomes_careful_drivers, layout_basic,
          basic_ecumenical_altar, serial_glass, glass_columns_b,
          glass_columns_b, item_on_display_a, due_unseen_surprise,
          minmay_strange_pillars, minmay_strange_pillars
D:2:      layout_basic
D:3:      layout_loops_cross, old_standard_altar, mainiacjoe_overflow_chevrons,
          mainiacjoe_overflow_24_doors, nicolae_elyvilon_peaceful_grove,
          general_overflow_altar, st_stairs_6, minmay_guardbox, uniq_natasha,
          uniq_terence
D:4:      minmay_spotlight, layout_cave_pods, serial_shops, shop_fountains,
          nicolae_ossuary_entry_ruins, serial_bayou_lagoon_a, uniq_grinder
D:5:      layout_basic, nicolae_vehumet_altar_sigil,
          minmay_temple_entry_proselytizer
D:6:      layout_basic, uniq_eustachio
D:7:      layout_loops_ring

Skill      XL: |  1  2  3  4  5  6  7  8  9 |
---------------+----------------------------+-----
Axes           | 3 4 5 6 8 9 |  9.0
Dodging        | 2 3 4 |  4.4
Armour         | 2 3 4 5 |  5.4
Fighting       | 4 5 6 |  6.0
Stealth        | 1 |  1.7
Throwing       | |  0.8

Action                   |  1- 3 |  4- 6 |  7- 9 || total
-------------------------+-------+-------+-------++-------
Melee: Hand axe          |    70 |       |       ||    70
       War axe           |    59 |    97 |   203 ||   359
       Punch             |     2 |       |     4 ||     6
       Tailslap          |       |     3 |    19 ||    22
Throw: Boomerang         |       |       |     4 ||     4
       Javelin           |       |       |     3 ||     3
       Dart              |       |       |     4 ||     4
Invok: Berserk           |     2 |     5 |     8 ||    15
       Trog's Hand       |       |     2 |     3 ||     5
  Use: Scroll            |       |     1 |    18 ||    19
 Stab: Sleeping          |     1 |       |       ||     1
Armor: Animal skin       |     3 |       |       ||     3
       Leather armour    |    37 |       |       ||    37
       Ring mail         |     7 |    64 |   101 ||   172
       Chain mail        |       |       |    30 ||    30
Dodge: Dodged            |    91 |    70 |   136 ||   297

Table legend: (Time is in decaauts)
 A = Elapsed time spent in this place.
 B = Non-inter-level travel time spent in this place.
 C = Inter-level travel time spent in this place.
 D = Time resting spent in this place.
 E = Time spent auto-exploring this place.
 F = Levels seen in this place.
 G = Mean time per level.
                   A        B        C        D        E       F      G
               +--------+--------+--------+--------+--------+-----+--------+
         Total |   6510 |   6508 |      2 |   2069 |   1313 |   8 |  813.8 |
       Dungeon |   6416 |   6414 |      2 |   2069 |   1313 |   7 |  916.6 |
       Ossuary |     94 |     94 |      0 |      0 |      0 |   1 |   94.0 |
               +--------+--------+--------+--------+--------+-----+--------+

Top non-repeatable levels by time:
     D:7: 1282 daAuts
     D:6: 1261 daAuts
     D:1: 1035 daAuts
     D:2: 907 daAuts
     D:5: 785 daAuts
     D:3: 649 daAuts
     D:4: 494 daAuts
 Ossuary: 94 daAuts
